 Dungeon Crawl Stone Soup version 0.18-a0-1468-gaf180a1 (webtiles) character file.

175386 Tomstefer the Phalangite (level 17, -12/176 HPs)
             Began as a Minotaur Berserker on Mar 1, 2016.
             Was the Champion of Trog.
             Killed from afar by Mara (illusionary) (27 damage)
             ... with a bolt of fire
             ... on level 4 of the Snake Pit.
             The game lasted 01:13:49 (30362 turns).

Tomstefer the Phalangite (Minotaur Berserker)      Turns: 30362, Time: 01:13:49

Health: -12/176    AC: 23    Str: 41    XL:     17   Next: 21%
Magic:  0/16       EV: 16    Int:  4    God:    Trog [******]
Gold:   2006       SH:  0    Dex: 13    Spells: 0 memorised, 16 levels left

rFire  + . .     SeeInvis +     y - +8 trident "Osyivucs" {drain, rF+ rN++ Str+4}
rCold  + + .     Gourm    .     K - +2 chain mail of the Bells {rC+ Str+6}
rNeg   + + .     Faith    .     (no shield)
rPois  +         Spirit   +     (helmet restricted)
rElec  .         Dismiss  .     Y - +0 cloak
rCorr  .         Reflect  .     F - +1 pair of gloves {archery}
SustAt .         Harm     .     j - +2 pair of boots of Gokoff {rPois MR++}
MR     +++..     Clarity  +     r - amulet of guardian spirit
Stlth  ..........               s - ring of poison resistance
                                f - ring of the Firefly {rC+ Str+5 SInv}

@: exhausted, slowed, very slow, extremely resistant to hostile enchantments,
extremely unstealthy
A: retaliatory headbutt, fangs 1, hooves 1, horns 2, clarity, sense surroundings
2, robust 1, evolution 2
a: Berserk, Trog's Hand, Brothers in Arms, Burn Spellbooks, Renounce Religion
}: 1/15 runes: decaying


You were on level 4 of the Snake Pit.
You worshipped Trog.
Trog was exalted by your worship.
You were very hungry.

You visited 6 branches of the dungeon, and saw 29 of its levels.
You visited 1 bazaar.

You collected 2874 gold pieces.
You spent 868 gold pieces at shops.

Inventory:

Hand Weapons
 y - the +8 trident "Osyivucs" (weapon) {drain, rF+ rN++ Str+4}
   (Trog gifted it to you on level 3 of the Lair of Beasts)

   A truly terrible weapon, it drains the life of those it strikes.
   It affects your strength (+4).
   It protects you from fire.
   It greatly protects you from negative energy.
 O - a +3 vampiric bardiche
 Z - a +3 antimagic demon trident
Missiles
 d - 9 tomahawks of returning (quivered)
 x - 7 javelins of penetration
 J - 3 poisoned javelins
 M - 27 tomahawks
 U - 6 exploding tomahawks
Armour
 j - the +2 pair of boots of Gokoff (worn) {rPois MR++}
   (You found it on level 5 of the Dungeon)

   It protects you from poison.
   It affects your resistance to hostile enchantments.
 F - a +1 pair of gloves of archery (worn)
 K - the +2 chain mail of the Bells (worn) {rC+ Str+6}
   (You found it on level 3 of the Lair of Beasts)

   It affects your strength (+6).
   It protects you from cold.
 Y - a +0 cloak (worn)
Jewellery
 f - the ring of the Firefly (left hand) {rC+ Str+5 SInv}
   (You acquired it on level 6 of the Lair of Beasts)

   [ring of see invisible]

   It affects your strength (+5).
   It protects you from cold.
   It lets you see invisible.
 r - an amulet of guardian spirit (around neck)
 s - a ring of poison resistance (right hand)
Wands
 a - a wand of paralysis (8/24)
 l - a wand of slowing (28/48)
 t - a wand of teleportation (5/9)
 D - a wand of teleportation (3/9)
 L - a wand of enslavement (10/24)
 S - a wand of paralysis (12/24)
Scrolls
 e - 5 scrolls of remove curse
 h - 9 scrolls of magic mapping
 n - 2 scrolls of enchant armour
 p - 7 scrolls of teleportation
 w - 15 scrolls of identify
 B - 2 scrolls of recharging
 E - 3 scrolls of fog
 I - 5 scrolls of enchant weapon
 Q - a scroll of blinking
 V - 2 scrolls of immolation
 W - a scroll of fear
 X - a scroll of acquirement
Potions
 b - 10 potions of curing
 g - a potion of cure mutation
 i - 3 potions of heal wounds
 k - 5 potions of might
 o - 2 potions of agility
 q - a potion of flight
 u - a potion of magic
 v - 7 potions of berserk rage
 G - 5 potions of resistance
 N - 3 potions of brilliance
Books
 H - a book of Fire

   Spells                             Type                      Level
   a - Ignite Poison                  Fire/Transmutation/Poison    3
   b - Fireball                       Conjuration/Fire             5
   c - Bolt of Fire                   Conjuration/Fire             6
   d - Delayed Fireball               Conjuration/Fire             7
   e - Ring of Flames                 Charms/Fire                  7
   Trog disapproves of the use of such an item.
Miscellaneous
 A - a phantom mirror
Comestibles
 c - 6 bread rations
 m - 9 fruits
 z - 5 beef jerkies
 C - 10 slices of pizza
 P - 10 meat rations
 T - 2 royal jellies


   Skills:
 + Level 16.7 Fighting
 * Level 23.9 Polearms
 - Level 7.1 Throwing
 + Level 14.8 Armour
 - Level 11.0 Dodging


You had 16 spell levels left.
You didn't know any spells.

Dungeon Overview and Level Annotations

Branches:
Dungeon (10/15)            Temple (0/1) D:5            Lair (8/8) D:10
  Swamp (4/4) Lair:6        Snake (4/4) Lair:6        Slime (0/6) Lair:6
    Orc (2/2) D:10            Elf (1/3) Orc:2

Altars:
Ashenzari
Elyvilon
Fedhas
Kikubaaqudgha
Makhleb
Nemelex Xobeh
Okawaru
Pakellas
Qazlal
Sif Muna
Trog
Vehumet
Xom
Zin
The Shining One
Beogh
Jiyva

Shops:
D:6 *   D:7 *   D:8 [   Orc:1 %   Orc:2 (=[*   Elf:1 [

Annotations:
Snake:4 Mara


Innate Abilities, Weirdness & Mutations

You reflexively headbutt those who attack you in melee.
You have a pair of horns on your head.
You have very sharp teeth.
You have large cloven feet.
You possess an exceptional clarity of mind.
You passively map the area around you.
You are robust (+10% HP).
You rapidly evolve.


Message History

Mara blinks!
Mara hits you but does no damage.
You are electrocuted!
* * * LOW HITPOINT WARNING * * *
You hit Mara.
Mara is almost dead.
Mara gestures.
Mara blinks!
Mara gestures.
Mara blinks!
Mara gestures.
There is a horrible, sudden wrenching feeling in your soul!
Mara gestures.
Mara blinks!
Mara gestures at you. The bolt of fire hits you! You resist.
* * * LOW HITPOINT WARNING * * *
You puncture Mara! Your bite misses Mara.
Mara is almost dead.
Mara gestures at you. The bolt of fire hits you! You resist.
You die...

, ...# ....#, , . ,
....###..#####..* * ,
......##)#..)... *
,,................ ,
.......)........ , ,,
................ * ,
,#######()####...
####......♣(†..# .. ######
......R@.).).)# (
.....#####'####.♣§.(♣..# ,
.........#.............#,,,
* .....####.........<....#
, * ###### #....§......(.##
,, # #.......♣...♣.@# , *
#)..))))...(..R# , ,
#.........♣R..## ,
##...).....#...#


You could see 3 Maras and Tomstefer's illusion.

Vanquished Creatures
  Jorgrun (Snake:4)
  A tentacled monstrosity (Swamp:3)
  2 thorn hunters
  Kirke (Swamp:3)
  4 greater nagas
  Agnes (Snake:1)
  Donald (Swamp:2)
  An orc warlord (Orc:2)
  The ghost of Galewind the Unseen, an adept SpEn of Dithmenos (Swamp:4)
  A deep elf death mage (Elf:1)
  A fire dragon (Lair:8)
  11 naga warriors
  2 ice dragons (Swamp:4)
  7 hydras
  3 ghost crabs
  3 anacondas
  Erica (Lair:2)
  2 alligators
  8 death yaks
  5 naga sharpshooters
  5 dancing weapons (Elf:1)
  4 orc high priests (Orc:2)
  A deep elf knight (Elf:1)
  8 shock serpents
  2 salamander mystics
  2 spriggan druids
  A shambling mangrove (Swamp:3)
  An obsidian statue (Snake:1)
  3 swamp dragons
  5 naga ritualists
  A hill giant (D:10)
  5 orc knights
  Pikel (D:9)
  3 deep elf archers (Elf:1)
  2 necromancers (Elf:1)
  An ugly thing (D:9)
  8 mana vipers
  6 salamanders
  13 deep elf magi (Elf:1)
  An oklob plant (D:10)
  2 orc sorcerers
  20 elephants
  4 hornets
  Joseph (D:9)
  The ghost of PierrePorte the Skirmisher, a novice CeWr of Okawaru (D:5)
  25 black mambas
  3 guardian serpents
  20 naga magi
  27 spiny frogs
  2 rime drakes (Lair:8)
  6 komodo dragons
  4 freezing wraiths (Swamp:4)
  3 trolls
  A polar bear (Lair:4)
  5 giant leeches
  9 blink frogs
  3 boulder beetles
  4 bog bodies
  5 spriggans
  A shadow (Swamp:1)
  5 large abominations (Elf:1)
  33 yaks
  4 hogs
  2 water elementals (Elf:1)
  A wyvern (D:8)
  A human (D:8)
  3 basilisks
  2 steam dragons (Lair:8)
  5 swamp worm simulacra (Swamp:4)
  2 hungry ghosts
  3 fire elementals (Elf:1)
  9 hippogriffs
  3 vampire mosquitoes (Swamp:1)
  4 wargs (Orc:2)
  17 swamp worms
  14 wolves
  42 nagas
  16 hydra simulacra (Swamp:4)
  Duvessa (D:5)
  12 water moccasins
  18 insubstantial wisps
  9 porcupines
  A slave (D:9)
  31 orc warriors
  2 black bears
  10 swamp drakes
  A phantom (D:7)
  A necrophage (D:9)
  2 sky beasts
  5 wasps
  9 ogres
  3 centaurs (D:9)
  2 elf zombies (Elf:1)
  14 crocodiles
  A big kobold (D:10)
  13 giant frogs
  3 earth elementals (Elf:1)
  Dowan (D:5)
  2 scorpions
  9 killer bees
  2 electric eels
  2 crimson imps
  A centaur zombie (D:8)
  A hound (D:9)
  A jelly (D:9)
  A giant frog skeleton (D:6)
  A gnoll shaman (D:6)
  6 orc priests
  12 orc wizards
  11 iguanas
  7 worker ants
  24 sheep
  A hound skeleton (D:6)
  18 gnolls
  13 adders
  35 river rats
  3 shadow imps
  An ooze (D:2)
  3 swamp drake simulacra (Swamp:4)
  An adder zombie (D:9)
  3 adder skeletons
  2 dart slugs (D:3)
  3 worms
  4 giant geckos
  65 orcs
  2 ball pythons
  3 giant cockroaches
  12 goblins
  12 hobgoblins
  20 jackals
  8 kobolds
  5 quokkas
  9 bats
  A giant gecko skeleton (D:6)
  12 giant newts
  7 rats
  2 briar patches (Swamp:3)
  2 plants
908 creatures vanquished.

Vanquished Creatures (collateral kills)
  Nikola (Snake:4)
  2 hydras (Lair:3)
  An ice dragon (Swamp:4)
  A guardian serpent (Snake:4)
  A rime drake (Lair:5)
  A komodo dragon (Lair:7)
7 creatures vanquished.

Vanquished Creatures (others)
  4 blink frogs (Lair:4)
  A human (Swamp:3)
  An orc wizard (D:9)
  A sheep (Lair:3)
  An orc (D:9)
  A briar patch (Swamp:3)
  8 fungi
  2 plants (Lair:8)
19 creatures vanquished.

Grand Total: 934 creatures vanquished

Notes
Turn   | Place    | Note
--------------------------------------------------------------
     0 | D:1      | Tomstefer the Minotaur Berserker began the quest for the Orb.
     0 | D:1      | Reached XP level 1. HP: 19/19 MP: 0/0
    42 | D:1      | Reached skill level 4 in Polearms
   289 | D:1      | Reached XP level 2. HP: 27/27 MP: 1/1
   490 | D:1      | Reached ** piety under Trog
   614 | D:1      | Reached XP level 3. HP: 20/33 MP: 2/2
   971 | D:2      | Reached skill level 5 in Polearms
  1125 | D:2      | Reached XP level 4. HP: 14/41 MP: 3/3
  1502 | D:2      | Reached *** piety under Trog
  1863 | D:3      | Reached XP level 5. HP: 45/47 MP: 4/4
  1884 | D:3      | Found a shattered altar of Ashenzari.
  1978 | D:3      | Reached skill level 6 in Polearms
  2073 | D:3      | Reached skill level 5 in Fighting
  2471 | D:3      | Reached **** piety under Trog
  2631 | D:3      | Found a shattered altar of Ashenzari.
  2784 | D:4      | Found a burning altar of Makhleb.
  2785 | D:4      | Noticed an ogre
  2796 | D:4      | Killed an ogre
  2796 | D:4      | Reached XP level 6. HP: 56/56 MP: 5/5
  2926 | D:4      | Reached skill level 7 in Polearms
  3047 | D:4      | Found a sparkling altar of Nemelex Xobeh.
  3384 | D:5      | Entered Level 5 of the Dungeon
  3384 | D:5      | Noticed PierrePorte's ghost (novice CeWr)
  3406 | D:5      | Killed PierrePorte's ghost
  3406 | D:5      | Reached skill level 8 in Polearms
  3406 | D:5      | Reached XP level 7. HP: 47/64 MP: 6/6
  3497 | D:5      | Got a pair of faintly glowing boots
  3508 | D:5      | Identified the +2 pair of boots of Gokoff {rPois MR++} (You found it on level 5 of the Dungeon)
  3535 | D:5      | Identified a -1 rod of inaccuracy (12/12) (You found it on level 5 of the Dungeon)
  3608 | D:5      | Found a staircase to the Ecumenical Temple.
  3741 | D:5      | Reached skill level 5 in Armour
  3993 | D:5      | Reached skill level 1 in Throwing
  4112 | D:5      | Noticed Duvessa
  4120 | D:5      | Killed Duvessa
  4120 | D:5      | Reached skill level 9 in Polearms
  4120 | D:5      | Reached XP level 8. HP: 71/71 MP: 7/7
  4166 | D:5      | Noticed Dowan
  4171 | D:5      | Killed Dowan
  4343 | D:6      | Found a shimmering altar of Xom.
  4424 | D:6      | Found a stormy altar of Qazlal.
  4427 | D:6      | Found a white marble altar of Elyvilon.
  4619 | D:6      | Reached skill level 10 in Polearms
  4836 | D:6      | Found an iron altar of Okawaru.
  4836 | D:6      | Found a bloodstained altar of Trog.
  4849 | D:6      | Found a glowing silver altar of Zin.
  4850 | D:6      | Found Zin's Purification Station.
  5916 | D:7      | Reached XP level 9. HP: 78/78 MP: 5/8
  6023 | D:7      | Found Rukk's General Store.
  6114 | D:7      | Reached ***** piety under Trog
  6394 | D:7      | Reached skill level 11 in Polearms
  6409 | D:7      | Received a gift from Trog
  7234 | D:8      | Reached skill level 12 in Polearms
  7234 | D:8      | Reached skill level 5 in Throwing
  7508 | D:8      | Found Jios's Antique Armour Shoppe.
  7885 | D:9      | Received a gift from Trog
  7991 | D:9      | Found a blossoming altar of Fedhas.
  8005 | D:9      | Noticed a troll
  8008 | D:9      | Killed a troll
  8008 | D:9      | Reached XP level 10. HP: 64/84 MP: 7/9
  8301 | D:9      | Found a glowing golden altar of the Shining One.
  8430 | D:9      | Noticed Joseph
  8442 | D:9      | Killed Joseph
  8488 | D:9      | Noticed Pikel
  8490 | D:9      | Noticed a brown ugly thing
  8496 | D:9      | Killed Pikel
  8496 | D:9      | Reached skill level 13 in Polearms
  8500 | D:9      | Killed a brown ugly thing
  8726 | D:9      | Found a deep blue altar of Sif Muna.
  8735 | D:9      | Found an ancient bone altar of Kikubaaqudgha.
  8745 | D:9      | Found a radiant altar of Vehumet.
  9316 | D:10     | Entered Level 10 of the Dungeon
  9336 | D:10     | Noticed a hill giant
  9341 | D:10     | Killed a hill giant
  9389 | D:10     | Found a staircase to the Orcish Mines.
  9489 | D:10     | Noticed an oklob plant
  9719 | D:10     | Found a roughly hewn altar of Beogh.
  9727 | D:10     | Reached skill level 10 in Armour
  9922 | D:10     | Found a staircase to the Lair.
  9937 | D:10     | Reached skill level 14 in Polearms
  9944 | D:10     | Killed an oklob plant
 10006 | Lair:1   | Entered Level 1 of the Lair of Beasts
 10100 | Lair:1   | Identified a scroll of acquirement
 10140 | Lair:1   | Gained mutation: You evolve. [potion of mutation]
 10140 | Lair:1   | Gained mutation: Your mind is acute. (Int +2) [potion of mutation]
 10140 | Lair:1   | Gained mutation: You rapidly evolve. [potion of mutation]
 10252 | Lair:1   | Noticed a spiny frog
 10255 | Lair:1   | Killed a spiny frog
 10255 | Lair:1   | Reached XP level 11. HP: 91/91 MP: 7/10
 10415 | Lair:1   | Found a shattered altar of Ashenzari.
 10484 | Lair:1   | Noticed a seven-headed hydra
 10489 | Lair:1   | Killed a ten-headed hydra
 11166 | Lair:2   | Received a gift from Trog
 11529 | Lair:2   | Noticed Erica
 11549 | Lair:2   | Killed Erica
 11549 | Lair:2   | Reached skill level 15 in Polearms
 11699 | Lair:2   | Gained mutation: You have large cloven feet. [evolution]
 12262 | Lair:3   | Received a gift from Trog
 12265 | Lair:3   | Got a crude trident {god gift}
 12274 | Lair:3   | Identified the +8 trident "Osyivucs" {drain, rF+ rN++ Str+4} (Trog gifted it to you on level 3 of the Lair of Beasts)
 12375 | Lair:3   | Reached skill level 5 in Dodging
 12469 | Lair:3   | Got a spiked chain mail
 12480 | Lair:3   | Identified the +2 chain mail of the Bells {rC+ Str+6} (You found it on level 3 of the Lair of Beasts)
 12945 | Lair:3   | Noticed a six-headed hydra
 12954 | Lair:3   | Killed an eight-headed hydra
 12979 | Lair:3   | Noticed a five-headed hydra
 12983 | Lair:3   | Killed a seven-headed hydra
 12983 | Lair:3   | Reached skill level 16 in Polearms
 12983 | Lair:3   | Reached XP level 12. HP: 83/104 MP: 9/11
 13084 | Lair:4   | Noticed a death yak
 13085 | Lair:4   | Noticed a death yak
 13085 | Lair:4   | Noticed a death yak
 13085 | Lair:4   | Noticed a death yak
 13086 | Lair:4   | Noticed a death yak
 13096 | Lair:4   | Killed a death yak
 13101 | Lair:4   | Killed a death yak
 13106 | Lair:4   | Killed a death yak
 13108 | Lair:4   | Killed a death yak
 13112 | Lair:4   | Killed a death yak
 13155 | Lair:4   | Gained mutation: You are robust (+10% HP). [evolution]
 13745 | Lair:4   | Reached skill level 10 in Fighting
 13917 | Lair:5   | Noticed a five-headed hydra
 13923 | Lair:5   | Killed a five-headed hydra
 13923 | Lair:5   | Reached skill level 17 in Polearms
 14117 | Lair:5   | Received a gift from Trog
 14386 | Lair:5   | Lost mutation: Your mind is acute. (Int +2) [evolution]
 14645 | Lair:6   | Reached XP level 13. HP: 126/126 MP: 10/12
 14703 | Lair:6   | Reached skill level 18 in Polearms
 14922 | Lair:6   | Found a staircase to the Snake Pit.
 14986 | Lair:6   | Found a staircase to the Swamp.
 15085 | Lair:6   | Found a staircase to the Slime Pits.
 15090 | Lair:6   | Found a viscous altar of Jiyva.
 15120 | Lair:6   | Got a transparent jade ring
 15123 | Lair:6   | Identified the ring of the Firefly {rC+ Str+5 SInv} (You acquired it on level 6 of the Lair of Beasts)
 15275 | Lair:7   | Reached ****** piety under Trog
 15460 | Lair:7   | Gained mutation: You have very sharp teeth. [evolution]
 16011 | Lair:8   | Entered Level 8 of the Lair of Beasts
 16079 | Lair:8   | Reached skill level 10 in Dodging
 16081 | Lair:8   | Reached skill level 19 in Polearms
 16161 | Lair:8   | Received a gift from Trog
 16502 | Lair:8   | Noticed a fire dragon
 16516 | Lair:8   | Killed a fire dragon
 16894 | Lair:8   | Reached XP level 14. HP: 139/139 MP: 13/13
 17135 | Lair:8   | Gained mutation: You passively map a small area around you. [potion of beneficial mutation]
 17559 | Orc:1    | Entered Level 1 of the Orcish Mines
 17577 | Orc:1    | Found Gaamu's Food Boutique.
 17988 | Orc:2    | Entered Level 2 of the Orcish Mines
 17988 | Orc:2    | Found Yriobul's General Store.
 18013 | Orc:2    | Received a gift from Trog
 18557 | Orc:2    | Noticed an orc warlord
 18558 | Orc:2    | Found Emmaf's Jewellery Shop.
 18585 | Orc:2    | Killed an orc warlord
 18707 | Orc:2    | Found Nuenk's Antique Armour Boutique.
 18781 | Orc:2    | Found a staircase to the Elven Halls.
 18836 | Orc:2    | Reached skill level 20 in Polearms
 18856 | Orc:2    | Found a roughly hewn altar of Beogh.
 19128 | Orc:2    | Found Kaeturr's Antique Weapon Shoppe.
 19276 | Orc:2    | Bought a smelly plate armour for 868 gold pieces
 19286 | Orc:2    | Identified the +3 plate armour of Zoisergh {Int+3} (You bought it in a shop on level 2 of the Orcish Mines)
 19338 | Elf:1    | Entered Level 1 of the Elven Halls
 19483 | Elf:1    | Received a gift from Trog
 19558 | Elf:1    | Found Hiddyon's Antique Armour Shop.
 20871 | Swamp:1  | Entered Level 1 of the Swamp
 20937 | Swamp:1  | Reached XP level 15. HP: 144/150 MP: 12/14
 20974 | Swamp:1  | Reached skill level 21 in Polearms
 21592 | Swamp:2  | Noticed Donald
 21608 | Swamp:2  | Killed Donald
 21806 | Swamp:2  | Received a gift from Trog
 22290 | Swamp:3  | Noticed a tentacled monstrosity
 22303 | Swamp:3  | Killed a tentacled monstrosity
 22515 | Swamp:3  | Noticed a thorn hunter
 22543 | Swamp:3  | Killed a thorn hunter
 22877 | Swamp:3  | Noticed Kirke
 22894 | Swamp:3  | Killed Kirke
 23168 | Swamp:4  | Entered Level 4 of the Swamp
 23175 | Swamp:4  | Noticed a thorn hunter
 23196 | Swamp:4  | Killed a thorn hunter
 23420 | Swamp:4  | Noticed Galewind's ghost (adept SpEn)
 23446 | Swamp:4  | Killed Galewind's ghost
 24036 | Swamp:4  | Received a gift from Trog
 24042 | Swamp:4  | Reached skill level 22 in Polearms
 24372 | Swamp:4  | Gained mutation: You possess an exceptional clarity of mind. [evolution]
 24727 | Swamp:4  | Reached skill level 15 in Fighting
 25181 | Swamp:4  | Got a decaying rune of Zot
 25939 | Snake:1  | Entered Level 1 of the Snake Pit
 25983 | Snake:1  | Reached XP level 16. HP: 151/163 MP: 13/15
 26219 | Snake:1  | Found a gateway to a bazaar.
 26228 | Bazaar   | Entered a bazaar
 26247 | Bazaar   | Found Jicrewki's Book Shop.
 26267 | Bazaar   | Found Asor's Book Boutique.
 26267 | Bazaar   | Found Xeus's Food Shop.
 26293 | Bazaar   | Found Rapsitos's Armour Shop.
 26559 | Snake:1  | Noticed Agnes
 26567 | Snake:1  | Killed Agnes
 26965 | Snake:2  | Received a gift from Trog
 27887 | Snake:3  | Received a gift from Trog
 28449 | Snake:3  | Found an oddly glowing altar of Pakellas.
 28456 | Snake:3  | Received a gift from Trog
 28463 | Snake:3  | Reached skill level 23 in Polearms
 28545 | Snake:3  | Received a gift from Trog
 29208 | Snake:3  | Received a gift from Trog
 29388 | Snake:4  | Entered Level 4 of the Snake Pit
 29404 | Snake:4  | Noticed Nikola
 29406 | Snake:4  | Received a gift from Trog
 29425 | Snake:4  | Killed Nikola
 29502 | Snake:4  | Gained mutation: You passively map the area around you. [evolution]
 29982 | Snake:4  | Reached XP level 17. HP: 128/174 MP: 16/16
 30217 | Snake:4  | Received a gift from Trog
 30329 | Snake:4  | Noticed Mara
 30330 | Snake:4  | Noticed Jorgrun
 30343 | Snake:4  | Killed Jorgrun
 30362 | Snake:4  | Noticed Tomstefer's illusion
 30362 | Snake:4  | Killed from afar by Mara (illusionary)

Vault maps used:
D:1:      lightli_arrival_windingriver
D:2:      minmay_divided_ellipse
D:3:      nicolae_ashenzari_panopticon, first_bread, lemuel_tele_altar
D:4:      bloody_makhleb, kennysheep_little_box
D:5:      minmay_temple_entry_mist, uniq_duvessa
D:6:      grunt_temple_overflow_bloody_war, zin_purify,
          gammafunk_temple_overflow_forgotten
D:7:      serial_shops, shop
D:8:      serial_shops, nicolae_shop_window_shopping, grunt_livestock
D:9:      palyth_temple_overflow_mages, marbit_many_paths,
          overflow_temple_1_default, kennysheep_small_square, uniq_joseph,
          uniq_pikel
D:10:     dpeg_oklobed_lair, minmay_orc_entry_temple_small
Lair:1:   serial_forest, infiniplex_forest_lined_corner,
          infiniplex_forest_clump_long, infiniplex_forest_straight_1,
          infiniplex_forest_straight_3, infiniplex_forest_clump_medium,
          infiniplex_forest_end_1, infiniplex_forest_pool,
          infiniplex_forest_straight_2, basic_altar, patterned_corridor
Lair:2:   uniq_erica
Lair:3:   infiniplex_staircase_pool
Lair:4:   lemuel_another_geyser
Lair:5:   st_stairs_10
Lair:6:   minmay_swamp_entry_wisps, dummy_snake_entry, slime_altar_1,
          grunt_megastairs_4
Lair:8:   guppyfry_lair_end_dragon, serial_bayou_shore_b
Swamp:1:  wheals_swamp_sinkhole
Swamp:2:  nicolae_swamp_very_dense_foliage, uniq_donald
Swamp:3:  nicolae_swamp_treefoil, uniq_kirke
Swamp:4:  swamp_icy
Snake:1:  serial_shops, statue_bzr, grunt_megastairs_3, uniq_agnes
Snake:3:  basic_altar, spider_trap, grunt_megastairs_2
Snake:4:  minmay_snake_end_coiled, grunt_ministairs_2, uniq_nikola,
          uniq_jorgrun, uniq_mara
Orc:1:    serial_shops, nicolae_shop_scaring_up_business
Orc:2:    grunt_orc_gardens, grunt_orc_garden, grunt_orc_garden,
          grunt_orc_garden, grunt_orc_garden, bh_open_orc_temple
Elf:1:    serial_shops, nicolae_shop_waterfront, minmay_elf_necromancy,
          minivault_4
Bazaar:   bazaar_jpeg_honeycomb

Skill      XL: |  1  2  3  4  5  6  7  8  9 10 11 12 13 14 15 16 |
---------------+-------------------------------------------------+-----
Polearms       | 4 5 6 8 9 10 12 14 16 17 19 20 22 23 | 23.9
Fighting       | 4 5 6 9 10 12 13 15 16 | 16.7
Armour         | 3 4 5 7 8 10 11 13 14 | 14.8
Throwing       | 1 3 5 7 |  7.1
Dodging        | 6 8 10 11 | 11.0

Action                   |  1- 3 |  4- 6 |  7- 9 | 10-12 | 13-15 | 16-18 || total
-------------------------+-------+-------+-------+-------+-------+-------++-------
Melee: Spear             |    91 |   136 |       |       |       |       ||   227
       Trident           |       |    61 |   335 |   263 |  1121 |   481 ||  2261
       Bardiche          |       |       |    11 |   312 |       |       ||   323
Throw: Tomahawk          |       |       |    21 |       |       |       ||    21
Invok: Berserk           |     1 |     3 |     7 |    11 |    14 |    10 ||    46
       Burn Spellbooks   |       |     1 |       |     3 |     3 |       ||     7
       Trog's Hand       |       |       |     2 |     1 |       |       ||     3
       Brothers in Arms  |       |       |       |     3 |     3 |     1 ||     7
  Use: Scroll            |       |    14 |     2 |     5 |     5 |       ||    26
       Potion            |       |       |       |     8 |    10 |       ||    18
 Stab: Sleeping          |     1 |       |       |       |       |       ||     1
  Eat: Chunk             |     2 |     5 |    18 |    27 |    28 |     6 ||    86
       Bread ration      |       |     1 |     2 |     1 |     4 |     4 ||    12
       Beef jerky        |       |       |       |     1 |       |       ||     1
       Meat ration       |       |       |       |       |     1 |       ||     1
       Pizza             |       |       |       |       |     1 |       ||     1
       Fruit             |       |       |       |       |       |     1 ||     1
